 Dungeon Crawl Stone Soup version 0.31-a0-986-g5e6e4ef867 (webtiles) character file.

Game seed: 5385691555914000829

263 ytrimaz the Trooper (level 5, 0/43 HPs)
             Began as a Demonspawn Fighter on Nov 9, 2023.
             Slain by a gnoll
             ... wielding a +0 halberd
              (8 damage)
             ... on level 2 of the Dungeon.
             The game lasted 00:01:31 (1464 turns).

ytrimaz the Trooper (Demonspawn Fighter)            Turns: 1464, Time: 00:01:31

Health: 0/43       AC: 11    Str: 18    XL:     5   Next: 98%
Magic:  5/5        EV: 10    Int:  9    God:
Gold:   63         SH:  5    Dex: 19    Spells: 4/4 levels left

rFire   . . .        a - +0 war axe
rCold   . . .        c - +0 buckler
rNeg    . . .        b - +0 scale mail
rPois   .            (no helmet)
rElec   .            (no cloak)
rCorr   .            (no gloves)
SInv    .            (no boots)
Will    .....        (no amulet)
Stlth   +++          m - +4 ring of protection
HPRegen 0.27/turn    (no ring)
MPRegen 0.18/turn

%: no passive effects
@: no status effects
A: thin skeletal structure 3, magic regeneration
a: no special abilities


You were on level 2 of the Dungeon.
You visited 1 branch of the dungeon, and saw 2 of its levels.

You collected 63 gold pieces.


Innate Abilities, Weirdness & Mutations

You have an unnaturally thin skeletal structure. (Dex +6, Stealth+++)
You regenerate magic rapidly.


   Skills:
 - Level 4.4 Fighting
 - Level 3.4 Axes
 - Level 4.0 Armour
 + Level 1.4 Dodging
 - Level 2.6 Shields


You had 4 spell levels left.
You didn't know any spells.
Your spell library contained the following spells:

 Spells                   Type           Power      Damage    Failure   Level
 Sandblast                Erth           0%         2d4       85%         1
 Passwall                 Tmut/Erth      0%         N/A       94%         2
 Stone Arrow              Conj/Erth      0%         3d7       99%         3
 Brom's Barrelling Bould  Conj/Erth      0%         2d3       100%        4

Inventory:

Hand Weapons
 a - a +0 war axe (weapon)
Armour
 b - a +0 scale mail (worn)
 c - a +0 buckler (worn)
Jewellery
 m - a +4 ring of protection (left hand)
   (You found it on level 1 of the Dungeon)
 p - a ring of fire
   (You found it on level 2 of the Dungeon)
Scrolls
 d - a scroll of enchant weapon {unknown}
 e - a scroll of poison {unknown}
 g - a scroll of vulnerability {unknown}
 h - a scroll of blinking {unknown}
 j - a scroll of revelation {unknown}
 l - a scroll of identify {unknown}
 o - a scroll of amnesia {unknown}
Potions
 f - a potion of resistance {unknown}
 i - 2 potions of curing {unknown}
 k - a potion of mutation {unknown}
 n - a potion of enlightenment {unknown}
 q - a potion of heal wounds {unknown}

Dungeon Overview and Level Annotations

Branches:
Dungeon (2/15) Zot: 10498

Altars:

Annotations:
D:2 Robin

#............'(........#
###############........#
≈§§§≈≈≈≈≈≈≈§#........+
≈§≈..:..≈≈§≈#........#
.§.....≈§§#........#
..#....§≈#........#
##.##.).§##.#######
#.?g#)..≈##.#
#@g#...'..#
#ggg#...§#### ##g##...≈#
.g#....§≈# ......§§§≈#
§≈≈...§§§§§≈#
≈§§§§§§§≈≈≈§#
#############


You could see Robin, 2 gnolls and 4 goblins.


Message History

You closely miss the hobgoblin.
The hobgoblin hits you but does no damage.
You slash the hobgoblin!
You kill the hobgoblin!
Unknown command.
A gnoll comes into view. It is wielding a +0 halberd.
A goblin comes into view. It is wielding a +0 club.
The gnoll shouts!
You hear a shout! x9
A goblin comes into view. It is wielding a +0 dagger.
The gnoll hits you but does no damage.
A kobold comes into view. It is wielding a +0 club.
You hear a shout!
The goblin shouts!
A kobold and a bat come into view.
You hear a shout!
Robin of the Strong Arm comes into view.
They are wielding a +0 club.
A goblin comes into view. It is wielding a +0 dagger.
The gnoll hits you from afar with a +0 spear!
The gnoll closely misses you. The kobold completely misses you.
A goblin comes into view. It is wielding a +0 dagger. 😕 HP[-7]
You take 7 damage, and now have 36/43 hp.
Unknown command.
You closely miss the gnoll. You hit the kobold.
You kill the kobold!
You barely miss the kobold. The bat hits you but does no damage.
A goblin comes into view. It is wielding a +0 dagger.
Robin throws the goblin at you! The gnoll barely misses you.
A hobgoblin comes into view.
The kobold hits you but does no damage. You block the gnoll's attack.
The goblin hits you but does no damage. The gnoll closely misses you.
You block the kobold's attack. The gnoll barely misses you.
The hobgoblin moves out of view. 😕 HP[+1]
You hit the kobold.
You kill the kobold!
You hit the gnoll but do no damage. You slash the goblin!
You kill the goblin!
You hit the bat.
You kill the bat!
The gnoll hits you from afar with a +0 spear.
Robin roars a battlecry!
The goblins go into a battle-frenzy!
A goblin comes into view. It is wielding a +0 dagger.
You block the gnoll's attack.
Unknown command. 😕 HP[-4]
You take 4 damage, and now have 33/43 hp.
You hit the gnoll but do no damage. You hit the goblin.
The gnoll closely misses you. Robin throws the goblin at you!
A goblin comes into view. It is wielding a +0 dagger.
The goblin closely misses you. The goblin hits you with a +0 dagger.
The gnoll hits you with a +0 halberd.
You hit the goblin.
You kill the goblin!
You hit the gnoll. You hit the goblin.
You kill the goblin!
The gnoll hits you but does no damage. The gnoll closely misses you.
The gnoll hits you but does no damage. Robin throws the goblin at you!
A goblin comes into view. It is wielding a +0 dagger.
The gnoll hits you but does no damage. 😮 HP[-6]
You take 6 damage, and now have 27/43 hp.
You block the gnoll's attack. Robin throws the goblin at you!
The goblin hits you but does no damage. The gnoll hits you but does no damage.
Things that are here:
a +0 dagger; a +0 club You are too injured to fight recklessly!
Unknown command.
You are too injured to fight recklessly!
The goblin shouts!
You hit the gnoll. You hit the hobgoblin but do no damage.
You closely miss the goblin. You hit the gnoll. The gnoll barely misses you.
A goblin comes into view. It is wielding a +0 club.
The goblin hits you with a +0 dagger. The hobgoblin barely misses you.
The gnoll hits you with a +0 halberd!
* * * LOW HITPOINT WARNING * * *
😨 HP[-14]
You take 14 damage, and now have 13/43 hp.
MASSIVE DAMAGE!! (PAUSE)
You barely miss the gnoll. You slash the hobgoblin!
You kill the hobgoblin!
You hit the goblin. You barely miss the gnoll. You barely miss the goblin.
The gnoll completely misses you. The goblin hits you but does no damage.
The gnoll closely misses you.
The goblin hits you but does no damage. 😨 HP[+1]
You are too injured to fight recklessly!
You barely miss the gnoll. You closely miss the goblin.
You completely miss the goblin. You closely miss the gnoll.
The gnoll closely misses you. The gnoll hits you with a +0 halberd.
* * * LOW HITPOINT WARNING * * *
The goblin closely misses you. The goblin barely misses you.
The gnoll closely misses you. You block the goblin's attack.
The gnoll barely misses you.
The goblin hits you but does no damage. 😱 HP[-6]
You take 6 damage, and now have 8/43 hp.
Unknown command.
You barely miss the gnoll. You hit the goblin. You closely miss the goblin.
You hit the gnoll but do no damage. The gnoll hits you but does no damage.
The goblin closely misses you. The gnoll hits you with a +0 halberd!
You die...

Skill      XL: |  1  2  3  4  5 |
---------------+----------------+-----
Axes           | 2 3 |  3.4
Armour         | 3 4 |  4.0
Fighting       | 4 |  4.4
Dodging        | 1 |  1.4
Shields        | |  2.6

Action                     |  1- 3 |  4- 6 || total
---------------------------+-------+-------++-------
  Melee: War axe           |    57 |    33 ||    90
    Use: Potion            |     1 |       ||     1
   Stab: Sleeping          |       |     6 ||     6
 Armour: Scale mail        |    32 |    37 ||    69
  Dodge: Dodged            |    27 |    30 ||    57
  Block: Buckler           |    17 |    10 ||    27

Levels and vault maps discovered:
D:1:      dpeg_arrival_arbitrary_b, layout_loops_corners,
          ebering_dispersal_statue_hall, minivault_4
D:2:      layout_basic, kennysheep_generic_room_2, uniq_terence, uniq_sigmund,
          uniq_jessica, uniq_robin

Notes
Turn   | Place    | Note
-------+----------+-------------------------------------------
     0 | D:1      | ytrimaz the Demonspawn Fighter began the quest for the Orb.
     0 | D:1      | Reached XP level 1. HP: 18/18 MP: 1/1
     0 | D:1      | magus.rc [v1.9.6]
    33 | D:1      | Reached skill level 2 in Axes
   354 | D:1      | Gained mutation: You have a somewhat thin skeletal
                  | structure. (Dex +2, Stealth+) [demonic ancestry]
   354 | D:1      | Reached XP level 2. HP: 21/24 MP: 2/2
   458 | D:1      | Reached skill level 3 in Armour
  1015 | D:2      | Noticed Sigmund
  1020 | D:2      | Noticed Jessica
  1024 | D:2      | HP: 3/24 [something/puff of flame (5)]
  1025 | D:2      | Killed Sigmund
  1026 | D:2      | Reached skill level 4 in Fighting
  1026 | D:2      | Reached skill level 3 in Axes
  1026 | D:2      | Gained mutation: You have a moderately thin skeletal
                  | structure. (Dex +4, Stealth++) [demonic ancestry]
  1026 | D:2      | Reached XP level 3. HP: 5/31 MP: 3/3
  1026 | D:2      | Gained mutation: You regenerate magic rapidly. [demonic
                  | ancestry]
  1026 | D:2      | Reached XP level 4. HP: 6/38 MP: 4/4
  1026 | D:2      | Gained mutation: You have an unnaturally thin skeletal
                  | structure. (Dex +6, Stealth+++) [demonic ancestry]
  1026 | D:2      | Reached XP level 5. HP: 7/43 MP: 5/5
  1028 | D:2      | Killed Jessica
  1029 | D:2      | Reached skill level 4 in Armour
  1180 | D:2      | Noticed Terence
  1193 | D:2      | Killed Terence
  1194 | D:2      | Reached skill level 1 in Dodging
  1316 | D:2      | You pick up a book of Geomancy and begin reading...
  1316 | D:2      | You add the spells Sandblast, Passwall, Stone Arrow and
                  | Brom's Barrelling Boulder to your library.
  1455 | D:2      | Noticed Robin
  1463 | D:2      | HP: 8/43 [gnoll/+0 halberd (6)]
  1464 | D:2      | Slain by a gnoll

Vanquished Creatures
  Sigmund (D:2)
  Jessica (D:2)
  Terence (D:2)
  3 dart slugs
  An endoplasm (D:2)
  A giant cockroach (D:1)
  5 hobgoblins
  4 kobolds
  3 quokkas (D:1)
  3 ball pythons (D:1)
  4 bats
  9 goblins
  4 rats
40 creatures vanquished.

Table legend:
 A = Non-vault XP
 B = Vault XP
 C = Vault XP percentage of total XP
 D = Non-vault monster count
 E = Vault monster count
 F = Vault count percentage of total count
                 A         B        C        D         E       F
            +---------+---------+-------+---------+---------+-------
      Total |      60 |     317 |  84.1 |      32 |       8 |  20.0
            +---------+---------+-------+---------+---------+-------
        D:1 |      36 |       0 |   0.0 |      21 |       0 |   0.0
        D:2 |      24 |     317 |  93.0 |      11 |       8 |  42.1
            +---------+---------+-------+---------+---------+-------

Skill      XL: |  1  2  3  4  5 |
---------------+----------------+-----
Axes           | 2 3 |  3.4
Armour         | 3 4 |  4.0
Fighting       | 4 |  4.4
Dodging        | 1 |  1.4
Shields        | |  2.6

Action                     |  1- 3 |  4- 6 || total
---------------------------+-------+-------++-------
  Melee: War axe           |    57 |    33 ||    90
    Use: Potion            |     1 |       ||     1
   Stab: Sleeping          |       |     6 ||     6
 Armour: Scale mail        |    32 |    37 ||    69
  Dodge: Dodged            |    27 |    30 ||    57
  Block: Buckler           |    17 |    10 ||    27

Illustrated notes

Table legend:
 A = Kills in this place as a percentage of kills in the entire game.
 B = Kills by you in this place as a percentage of kills by you in the entire game.
 C = Kills by friends in this place as a percentage of kills by friends in the entire game.
 D = Other kills in this place as a percentage of other kills in the entire game.
 E = Experience gained in this place as a percentage of experience gained in the entire game.
 F = Experience gained in this place divided by the number of levels of this place that you have seen.
                   A       B       C       D       E      F
               +-------+-------+-------+-------+-------+----------------------
         Total | 100.0 | 100.0 |   N/A |   N/A | 100.0 | 188.5
       Dungeon | 100.0 | 100.0 |   N/A |   N/A | 100.0 | 188.5
               +-------+-------+-------+-------+-------+----------------------

Table legend: (Time is in decaauts)
 A = Elapsed time spent in this place.
 B = Non-inter-level travel time spent in this place.
 C = Inter-level travel time spent in this place.
 D = Time resting spent in this place.
 E = Time spent auto-exploring this place.
 F = Levels seen in this place.
 G = Mean time per level.
                   A        B        C        D        E       F      G
               +--------+--------+--------+--------+--------+-----+--------+
         Total |   1500 |   1473 |     27 |      0 |   1176 |   2 |  750.0 |
       Dungeon |   1500 |   1473 |     27 |      0 |   1176 |   2 |  750.0 |
               +--------+--------+--------+--------+--------+-----+--------+

Top non-repeatable levels by time:
     D:1: 1001 daAuts
     D:2: 498 daAuts
